TOP OF THE 1ST |
Illinois Fighting Illini batting - Pitching for West Virginia Mountaineers : LHP Chris Wells
|
Pitching: LHP Chris Wells
|
|
Batting: RHB Chris Carr
|
0-0: Foul Ball, location: 2F 0-1: Foul Ball, location: 2F 0-2: Strikes out looking
|
Batting: RHB Jon Foster
|
0-0: Ball 1-0: Called Strike 1-1: Foul Ball, location: 2F 1-2: Strikes out swinging
|
Batting: RHB Benoît Vigneault
|
0-0: Foul Ball, location: 2F 0-1: Ball 1-1: Called Strike 1-2: Ball 2-2: SINGLE (Line Drive, 7S)
|
Batting: LHB John Miller
|
0-0: Called Strike Benoît Vigneault is caught stealing 2nd base
|
Top of the 1st over - 0 run(s), 1 hit(s), 0 error(s), 0 left on base; Illinois 0 - West Virginia 0 |
BOTTOM OF THE 1ST |
West Virginia Mountaineers batting - Pitching for Illinois Fighting Illini : LHP José Vera
|
Pitching: LHP José Vera
|
|
Batting: RHB Tom Fisher
|
0-0: Called Strike 0-1: SINGLE (Groundball, 4M) (infield hit)
|
Batting: RHB Greg Smith
|
0-0: Ball 1-0: Called Strike 1-1: Ball 2-1: Foul Ball, location: 2F 2-2: Ball Tom Fisher steals 2nd base 3-2: Base on Balls
|
Batting: LHB Paco Córdova
|
0-0: Foul Ball, location: 2F 0-1: Ball Wild Pitch! Tom Fisher to third Greg Smith to second 1-1: Ball 2-1: Ground out 4-3 (Groundball, 34) Tom Fisher scores Greg Smith to third
|
Batting: RHB Víctor León
|
0-0: Ground out 5-3 (Groundball, 5)
|
Batting: SHB Karl Webster
|
0-0: Ball 1-0: Called Strike 1-1: Called Strike 1-2: Foul Ball, location: 2F 1-2: Foul Ball, location: 2F 1-2: Strikes out swinging
|
Bottom of the 1st over - 1 run(s), 1 hit(s), 0 error(s), 1 left on base; Illinois 0 - West Virginia 1 |
TOP OF THE 2ND |
Illinois Fighting Illini batting - Pitching for West Virginia Mountaineers : LHP Chris Wells
|
Batting: LHB John Miller
|
0-0: Foul Ball, location: 2F 0-1: Swinging Strike 0-2: Ball 1-2: Strikes out swinging
|
Batting: RHB Jesús Vélez
|
0-0: Called Strike 0-1: Foul Ball, location: 2F 0-2: Ball 1-2: Ball 2-2: Foul Ball, location: 2F 2-2: Strikes out looking
|
Batting: RHB Fernando Núñez
|
0-0: Called Strike 0-1: Ball 1-1: Called Strike 1-2: Ball 2-2: Ball 3-2: Foul Ball, location: 2F 3-2: SINGLE (Flyball, 9LM)
|
Batting: RHB Ryan Draper
|
0-0: Ball 1-0: Called Strike 1-1: Called Strike 1-2: Fly out, F7 (Flyball, 7)
|
Top of the 2nd over - 0 run(s), 1 hit(s), 0 error(s), 1 left on base; Illinois 0 - West Virginia 1 |
BOTTOM OF THE 2ND |
West Virginia Mountaineers batting - Pitching for Illinois Fighting Illini : LHP José Vera
|
Batting: RHB Dennis Kelly
|
0-0: Ball 1-0: Foul Ball, location: 2F 1-1: Foul Ball, location: 2F 1-2: Fly out, F9 (Flyball, 9LM)
|
Batting: RHB Alfonso Flores
|
0-0: Ball 1-0: Ball 2-0: Ball 3-0: Called Strike 3-1: Base on Balls
|
Batting: SHB George Howell
|
0-0: Ball 1-0: Ball 2-0: Foul Ball, location: 2F 2-1: Ball 3-1: Ground out 5-3 (Groundball, 56S) Alfonso Flores to second
|
Batting: RHB David Randall
|
0-0: Called Strike 0-1: Called Strike 0-2: Ball 1-2: Ball 2-2: Strikes out swinging
|
Bottom of the 2nd over - 0 run(s), 0 hit(s), 0 error(s), 1 left on base; Illinois 0 - West Virginia 1 |
TOP OF THE 3RD |
Illinois Fighting Illini batting - Pitching for West Virginia Mountaineers : LHP Chris Wells
|
Batting: RHB Alfonso Reyes
|
0-0: Ball 1-0: Ball 2-0: SINGLE (Groundball, 6MD)
|
Batting: RHB Alonso Durán
|
0-0: Called Strike 0-1: DOUBLE (Flyball, 78M) Alfonso Reyes to third
|
Batting: RHB Chris Carr
|
0-0: Ball 1-0: Ball 2-0: Called Strike 2-1: Foul Ball, location: 2F 2-2: Strikes out swinging
|
Batting: RHB Jon Foster
|
0-0: Called Strike 0-1: Swinging Strike 0-2: Strikes out looking
|
Batting: RHB Benoît Vigneault
|
0-0: Ball 1-0: Ball 2-0: Called Strike 2-1: Foul Ball, location: 2F 2-2: Strikes out swinging
|
Top of the 3rd over - 0 run(s), 2 hit(s), 0 error(s), 2 left on base; Illinois 0 - West Virginia 1 |
BOTTOM OF THE 3RD |
West Virginia Mountaineers batting - Pitching for Illinois Fighting Illini : LHP José Vera
|
Batting: RHB Tom Fisher
|
0-0: Ball 1-0: Ball 2-0: Ball 3-0: Base on Balls
|
Batting: RHB Greg Smith
|
0-0: Called Strike 0-1: Hit by Pitch Tom Fisher to second
|
Batting: LHB Paco Córdova
|
0-0: Called Strike 0-1: Foul Ball, location: 2F 0-2: Foul Ball, location: 2F 0-2: Fly out, F6 (Popup, 6MD)
|
Batting: RHB Víctor León
|
0-0: Called Strike 0-1: Fly out, F9 (Flyball, 9LSF)
|
Batting: SHB Karl Webster
|
0-0: Ball 1-0: Fielders Choice at 2nd, 6-4 (Groundball, 6MD)
|
Bottom of the 3rd over - 0 run(s), 0 hit(s), 0 error(s), 1 left on base; Illinois 0 - West Virginia 1 |
TOP OF THE 4TH |
Illinois Fighting Illini batting - Pitching for West Virginia Mountaineers : LHP Chris Wells
|
Batting: LHB John Miller
|
0-0: Called Strike 0-1: Foul Ball, location: 2F 0-2: Ball 1-2: Ball 2-2: Foul Ball, location: 2F 2-2: Foul Ball, location: 2F 2-2: Foul Ball, location: 2F 2-2: Ball 3-2: Fly out, F7 (Flyball, 78M)
|
Batting: RHB Jesús Vélez
|
0-0: Called Strike 0-1: Ball 1-1: Called Strike 1-2: Strikes out swinging
|
Batting: RHB Fernando Núñez
|
0-0: Ball 1-0: Ball 2-0: Ball 3-0: Called Strike 3-1: Base on Balls
|
Batting: RHB Ryan Draper
|
0-0: Ball 1-0: Called Strike 1-1: Swinging Strike 1-2: Strikes out swinging
|
Top of the 4th over - 0 run(s), 0 hit(s), 0 error(s), 1 left on base; Illinois 0 - West Virginia 1 |
BOTTOM OF THE 4TH |
West Virginia Mountaineers batting - Pitching for Illinois Fighting Illini : LHP José Vera
|
Batting: RHB Dennis Kelly
|
0-0: Called Strike 0-1: Hit by Pitch
|
Batting: RHB Alfonso Flores
|
0-0: Called Strike 0-1: Ball 1-1: Ball 2-1: Called Strike 2-2: Foul Ball, location: 2F 2-2: Ball 3-2: Hit by Pitch Dennis Kelly to second
|
Batting: SHB George Howell
|
0-0: Called Strike 0-1: Ball 1-1: 3-RUN HOME RUN (Line Drive, 7D), Distance : 350 ft
|
Batting: RHB David Randall
|
0-0: Ball 1-0: Ground out 6-3 (Groundball, 6)
|
Batting: RHB Tom Fisher
|
0-0: Called Strike 0-1: Ball 1-1: SINGLE (Groundball, 4MS) (infield hit)
|
Batting: RHB Greg Smith
|
0-0: Called Strike Tom Fisher is caught stealing 2nd base 0-1: Fly out, F7 (Line Drive, 7)
|
Bottom of the 4th over - 3 run(s), 2 hit(s), 0 error(s), 0 left on base; Illinois 0 - West Virginia 4 |
TOP OF THE 5TH |
Illinois Fighting Illini batting - Pitching for West Virginia Mountaineers : LHP Chris Wells
|
Batting: RHB Alfonso Reyes
|
0-0: Swinging Strike 0-1: Called Strike 0-2: Strikes out swinging
|
Batting: RHB Alonso Durán
|
0-0: Ball 1-0: Ball 2-0: Foul Ball, location: 2F 2-1: Ball 3-1: Base on Balls
|
Batting: RHB Chris Carr
|
0-0: Ball 1-0: SINGLE (Line Drive, 6M) Alonso Durán to second
|
Batting: RHB Jon Foster
|
0-0: Ball 1-0: Called Strike 1-1: Swinging Strike 1-2: Strikes out swinging
|
Batting: RHB Benoît Vigneault
|
0-0: Ball 1-0: Called Strike 1-1: Fly out, F6 (Line Drive, 6)
|
Top of the 5th over - 0 run(s), 1 hit(s), 0 error(s), 2 left on base; Illinois 0 - West Virginia 4 |
BOTTOM OF THE 5TH |
West Virginia Mountaineers batting - Pitching for Illinois Fighting Illini : LHP José Vera
|
Batting: LHB Paco Córdova
|
0-0: Ball 1-0: Called Strike 1-1: Ball 2-1: SINGLE (Line Drive, 56)
|
Batting: RHB Víctor León
|
0-0: Ball 1-0: Ground out 5-3 (Groundball, 56S) Paco Córdova to second
|
Batting: SHB Karl Webster
|
0-0: Intentional Walk
|
Pitching: RHP Jim Dudley
|
|
Batting: RHB Dennis Kelly
|
0-0: Called Strike 0-1: Ball 1-1: DOUBLE (Line Drive, 78D) Paco Córdova scores Karl Webster to third
|
Batting: RHB Alfonso Flores
|
0-0: Swinging Strike 0-1: Ball 1-1: Called Strike 1-2: Ball 2-2: Ball 3-2: Base on Balls
|
Batting: SHB George Howell
|
0-0: Ball 1-0: SINGLE (Groundball, 34D) Karl Webster scores Dennis Kelly to third Alfonso Flores to second Runner from 3rd tries for Home, SAFE, no throw
|
Batting: RHB David Randall
|
0-0: Swinging Strike 0-1: Foul Ball, location: 2F 0-2: Strikes out swinging
|
Batting: RHB Tom Fisher
|
0-0: Ball 1-0: Swinging Strike 1-1: Called Strike 1-2: Ball 2-2: Foul Ball, location: 2F 2-2: Foul Ball, location: 2F 2-2: Foul Ball, location: 2F 2-2: Ball 3-2: Foul Ball, location: 2F 3-2: Base on Balls Alfonso Flores to third George Howell to second
|
Pitching: RHP Pedro Gálvez
|
|
Batting: RHB Greg Smith
|
0-0: Ball 1-0: Foul Ball, location: 2F 1-1: Ball 2-1: SINGLE (Flyball, 78S) Alfonso Flores scores George Howell to third Tom Fisher to second
|
Batting: LHB Paco Córdova
|
0-0: Foul Ball, location: 2F 0-1: Ball 1-1: Ball 2-1: Ball 3-1: Called Strike 3-2: Base on Balls George Howell scores Tom Fisher to third Greg Smith to second
|
Batting: RHB Víctor León
|
0-0: Ball 1-0: Foul Ball, location: 2F 1-1: Ball 2-1: Foul Ball, location: 2F 2-2: Ball 3-2: Base on Balls Tom Fisher scores Greg Smith to third Paco Córdova to second
|
Batting: SHB Karl Webster
|
0-0: Swinging Strike 0-1: Called Strike 0-2: Ball 1-2: Strikes out swinging
|
Bottom of the 5th over - 6 run(s), 4 hit(s), 0 error(s), 3 left on base; Illinois 0 - West Virginia 10 |
TOP OF THE 6TH |
Illinois Fighting Illini batting - Pitching for West Virginia Mountaineers : LHP Chris Wells
|
Batting: LHB John Miller
|
0-0: Called Strike 0-1: Ball 1-1: Foul Ball, location: 2F 1-2: Ground out 1-3 (Groundball, 13S)
|
Batting: RHB Jesús Vélez
|
0-0: Swinging Strike 0-1: Swinging Strike 0-2: Ball 1-2: Foul Ball, location: 2F 1-2: Ball 2-2: Ground out 5-3 (Groundball, 56)
|
Batting: RHB Fernando Núñez
|
0-0: Fly out, F8 (Flyball, 8RM)
|
Top of the 6th over - 0 run(s), 0 hit(s), 0 error(s), 0 left on base; Illinois 0 - West Virginia 10 |
BOTTOM OF THE 6TH |
West Virginia Mountaineers batting - Pitching for Illinois Fighting Illini : RHP Pedro Gálvez
|
Batting: RHB Dennis Kelly
|
0-0: Ball 1-0: Foul Ball, location: 2F 1-1: SOLO HOME RUN (Flyball, 7LD), Distance : 332 ft
|
Batting: RHB Alfonso Flores
|
0-0: Swinging Strike 0-1: Ball 1-1: Foul Ball, location: 2F 1-2: Ground out 4-3 (Groundball, 4)
|
Batting: SHB George Howell
|
0-0: Ball 1-0: Foul Ball, location: 2F 1-1: Ball 2-1: Swinging Strike 2-2: Ball 3-2: Strikes out swinging
|
Batting: RHB David Randall
|
0-0: Ball 1-0: Ball 2-0: Ball 3-0: Called Strike 3-1: Foul Ball, location: 2F 3-2: Base on Balls
|
Batting: RHB Tom Fisher
|
0-0: Called Strike 0-1: Ball 1-1: Ball 2-1: Foul Ball, location: 2F 2-2: Ball 3-2: Base on Balls David Randall to second
|
Batting: RHB Greg Smith
|
0-0: Foul Ball, location: 2F 0-1: Ball 1-1: Called Strike 1-2: Strikes out swinging
|
Bottom of the 6th over - 1 run(s), 1 hit(s), 0 error(s), 2 left on base; Illinois 0 - West Virginia 11 |
TOP OF THE 7TH |
Illinois Fighting Illini batting - Pitching for West Virginia Mountaineers : LHP Chris Wells
|
Batting: RHB Ryan Draper
|
0-0: Ground out 6-3 (Groundball, 56)
|
Batting: RHB Alfonso Reyes
|
0-0: Called Strike 0-1: Foul Ball, location: 2F 0-2: Ball 1-2: SINGLE (Groundball, 5D)
|
Batting: RHB Alonso Durán
|
0-0: Called Strike 0-1: Called Strike 0-2: Fly out, F6 (Popup, 6D)
|
Batting: RHB Chris Carr
|
0-0: Called Strike 0-1: Ball 1-1: Ball 2-1: Ball 3-1: Foul Ball, location: 2F 3-2: Foul Ball, location: 2F 3-2: Ground out 6-3 (Groundball, 56)
|
Top of the 7th over - 0 run(s), 1 hit(s), 0 error(s), 1 left on base; Illinois 0 - West Virginia 11 |
BOTTOM OF THE 7TH |
West Virginia Mountaineers batting - Pitching for Illinois Fighting Illini : RHP Pedro Gálvez
|
Pitching: RHP Arnold Jacobson
|
|
Batting: LHB Paco Córdova
|
0-0: Called Strike 0-1: Ball 1-1: Ball 2-1: Ball 3-1: Base on Balls
|
Batting: RHB Víctor León
|
0-0: Ball 1-0: Fly out, F5 (Line Drive, 56)
|
Batting: SHB Karl Webster
|
0-0: Called Strike 0-1: Foul Ball, location: 2F 0-2: Fly out, F7 (Flyball, 7LMF)
|
Batting: RHB Dennis Kelly
|
0-0: Fielders Choice at 2nd, U6 (Groundball, 6M)
|
Bottom of the 7th over - 0 run(s), 0 hit(s), 0 error(s), 1 left on base; Illinois 0 - West Virginia 11 |
TOP OF THE 8TH |
Illinois Fighting Illini batting - Pitching for West Virginia Mountaineers : LHP Chris Wells
|
Pitching: LHP Josh Fritz
|
|
Now at 1B: Lee Scott
|
|
Batting: RHB Jon Foster
|
0-0: Ball 1-0: Called Strike 1-1: Ground out 5-3 (Groundball, 5)
|
Batting: RHB Benoît Vigneault
|
0-0: Ball 1-0: Called Strike 1-1: Ball 2-1: Ball 3-1: SINGLE (Line Drive, 8LS)
|
Pitching: RHP John Jones
|
|
Batting: LHB John Miller
|
0-0: Ball 1-0: Fly out, F8 (Line Drive, 8RM)
|
Batting: RHB Jesús Vélez
|
0-0: Ball 1-0: Called Strike 1-1: Fly out, F8 (Flyball, 8RM)
|
Top of the 8th over - 0 run(s), 1 hit(s), 0 error(s), 1 left on base; Illinois 0 - West Virginia 11 |
BOTTOM OF THE 8TH |
West Virginia Mountaineers batting - Pitching for Illinois Fighting Illini : RHP Arnold Jacobson
|
Batting: RHB Alfonso Flores
|
0-0: Ball 1-0: Ball 2-0: Ball 3-0: Base on Balls
|
Batting: SHB George Howell
|
0-0: Ball 1-0: Called Strike Alfonso Flores steals 2nd base 1-1: Ground out 4-3 (Groundball, 34) Alfonso Flores to third
|
Batting: RHB David Randall
|
0-0: Ball 1-0: Ball 2-0: Ball 3-0: Base on Balls
|
Batting: RHB Tom Fisher
|
0-0: Ball 1-0: Fly out, F6 (Popup, 6D)
|
Batting: RHB Greg Smith
|
0-0: Foul Ball, location: 2F 0-1: Called Strike 0-2: Ball 1-2: Foul Ball, location: 2F 1-2: Ball 2-2: Strikes out swinging
|
Bottom of the 8th over - 0 run(s), 0 hit(s), 0 error(s), 2 left on base; Illinois 0 - West Virginia 11 |
TOP OF THE 9TH |
Illinois Fighting Illini batting - Pitching for West Virginia Mountaineers : RHP John Jones
|
Batting: RHB Fernando Núñez
|
0-0: Ball 1-0: Called Strike 1-1: Ball 2-1: Foul Ball, location: 2F 2-2: Foul Ball, location: 2F 2-2: Ball 3-2: Fly out, F8 (Flyball, 8LM)
|
Batting: RHB Ryan Draper
|
0-0: Swinging Strike 0-1: Ball 1-1: Ball 2-1: Swinging Strike 2-2: Ball 3-2: Base on Balls
|
Batting: RHB Alfonso Reyes
|
0-0: Called Strike 0-1: Called Strike 0-2: Foul Ball, location: 2F 0-2: Foul Ball, location: 2F 0-2: Ball 1-2: Grounds into double play, 5-4-3 (Groundball, 56)
|
Top of the 9th over - 0 run(s), 0 hit(s), 0 error(s), 0 left on base; Illinois 0 - West Virginia 11 |
|